 Dungeon Crawl Stone Soup version 0.30-a0-1043-g60ff8d5f49 (webtiles) character file.

Game seed: 2499447280721620182

113 cheesebisquit the Gusty (level 4, -2/26 HPs)
             Began as a Gargoyle Air Elementalist on Apr 9, 2023.
             Killed by nerve-wracking pain
             ... invoked by an orc priest
              (4 damage)
             ... on level 3 of the Dungeon.
             The game lasted 00:09:26 (2998 turns).

cheesebisquit the Gusty (Gargoyle Air Elementalist) Turns: 2998, Time: 00:09:27

Health: -2/26      AC:  3    Str: 12    XL:     4   Next: 96%
Magic:  3/9        EV: 11    Int: 17    God:
Gold:   112        SH:  0    Dex: 10    Spells: 7/8 levels left

rFire   . . .      SeeInvis .    p - +0 mace
rCold   . . .      Faith    .    (no shield)
rNeg    + . .      Spirit   .    (no body armour)
rPois   ∞          Reflect  .    (no helmet)
rElec   +          Rampage  .    (no cloak)
rCorr   .                        (no gloves)
Will    .....                    (no boots)
Stlth   ++                       (no amulet)
HPRegen 0.24/turn                (no ring)
MPRegen 0.11/turn                (no ring)

@: hasted, very quick
A: sickness immunity, AC +3, negative energy resistance 1, electricity
resistance, torment resistance 1, petrification resistance, high MP 1
a: no special abilities


You were on level 3 of the Dungeon.
You visited 1 branch of the dungeon, and saw 3 of its levels.

You collected 112 gold pieces.

Inventory:

Hand Weapons
 p - a +0 mace (weapon)
Missiles
 m - 4 boomerangs
Armour
 a - a +0 robe
 o - the +0 robe of the Forest {Dex+2}
   (You found it on level 3 of the Dungeon)

   Dex:       It affects your dexterity (+2).
Scrolls
 e - 2 scrolls of enchant weapon {unknown}
 g - a scroll of enchant armour {unknown}
 h - a scroll of identify {unknown}
 i - a scroll of teleportation {unknown}
 j - a scroll of torment {unknown}
 k - a scroll of vulnerability {unknown}
Potions
 b - a potion of curing {unknown}
 c - a potion of haste
 d - 2 potions of might {unknown}
 f - a potion of mutation
 l - a potion of brilliance {unknown}
 n - 3 potions of heal wounds {unknown}


   Skills:
 + Level 2.1 Fighting
 - Level 1.5 Dodging
 - Level 2.1 Stealth
 + Level 2.8 Spellcasting
 - Level 1.1 Conjurations
 * Level 3.6 Air Magic


You had 7 spell levels left.
You knew the following spells:

 Your Spells              Type           Power      Damage    Failure   Level
a - Shock                 Conj/Air       40%        1d5       7%          1

Your spell library contained the following spells:

 Spells                   Type           Power      Damage    Failure   Level
 Static Discharge         Conj/Air       20%        2-3/arc   10%         2
 Swiftness                Air            14%        N/A       12%         3
 Necrotise                Necr           8%         1d4       19%         1
 Airstrike                Air            7%         2d(1-17)  36%         4
 Vampiric Draining        Necr           2%         2d6       47%         3
 Agony                    Necr           2%         N/A       99%         5


Dungeon Overview and Level Annotations

Branches:
Dungeon (3/15)

Altars:


Innate Abilities, Weirdness & Mutations

You are immune to sickness and miasma.
Your stone body is resilient. (AC +3)
You are immune to poison.
You resist negative energy. (rN+)
You are resistant to electric shocks. (rElec)
You are resistant to unholy torment.
You are immune to petrification.
You have an increased reservoir of magic. (+10% MP)


Message History

p - a +0 mace
Found a stone staircase leading down.
p - a +0 mace (weapon)
Search for what [? for help]? .
Search for what [Enter for "."]? mace An orc priest is nearby!
The zap hits the orc priest.
The orc priest is moderately wounded.
The orc priest shouts!
The zap hits the orc priest but does no damage.
The orc priest is moderately wounded.
The zap hits the orc priest.
The orc priest is heavily wounded.
The zap misses the orc priest.
The orc priest invokes the aid of Beogh against you.
Beogh smites you!
You hear an angry hiss.
The zap hits the orc priest but does no damage.
The orc priest is heavily wounded.
The orc priest invokes the aid of Beogh against you.
Beogh smites you!
* * * LOW HITPOINT WARNING * * *
You are too injured to fight recklessly!
Aiming: Shock (safe; 7% risk of failure)
Press: ? - help, Q - select action, (/) - cycle Shift-Dir - straight line, f/p - orc priest
Aim: an orc priest, wielding a +0 mace and wearing a +0 chain mail (heavily wounded, 77% to hit)
The zap hits the orc priest but does no damage.
The orc priest is heavily wounded.
Aiming: Shock (safe; 7% risk of failure)
Press: ? - help, Q - select action, (/) - cycle Shift-Dir - straight line, f/p - orc priest
Aim: an orc priest, wielding a +0 mace and wearing a +0 chain mail (heavily wounded, 77% to hit)
The zap hits the orc priest but does no damage.
The orc priest is heavily wounded.
The orc priest hits you with a +0 mace.
* * * LOW HITPOINT WARNING * * *
You feel yourself speed up.
The orc priest hits you but does no damage.
The orc priest mumbles some strange prayers to Beogh against you.
Pain shoots through your body!
You die...

#.# #.###.#.# #.# #.# #.#.#
####### #.# #.###.#.#### #.....#
#.# #o#...#..... #.....#
#.#####.#...†##### #.....#
#.##....#.........
######.....#####.##.####....####.
.....................o...........
.####.....####.#@##.#..#....####.
...............#.##....#.##.####.
#####.....######.####.##.##.#....
# #............# #............
#......##############........
#####......# ..........[......
.....#.#.#.# ############........
####.#.#.#.# #.......o...........
####.#.#.#.# #.#################.


You could see an orc priest.

Vanquished Creatures
  5 adders (D:2)
  A worm (D:3)
  A dart slug (D:1)
  2 orcs (D:3)
  5 ball pythons
  3 endoplasms
  3 giant cockroaches (D:1)
  A goblin (D:1)
  5 hobgoblins
  9 jackals
  2 kobolds (D:1)
  6 quokkas
  4 bats
  3 frilled lizards
  7 rats
57 creatures vanquished.

Notes
Turn   | Place    | Note
-------+----------+-------------------------------------------
     0 | D:1      | cheesebisquit the Gargoyle Air Elementalist began the quest
                  | for the Orb.
     0 | D:1      | Reached XP level 1. HP: 10/10 MP: 3/3
   172 | D:1      | Reached XP level 2. HP: 16/16 MP: 1/5
   554 | D:1      | Reached skill level 1 in Fighting
   769 | D:1      | Reached XP level 3. HP: 20/20 MP: 2/6
   837 | D:1      | Reached skill level 3 in Air Magic
  1719 | D:2      | Reached XP level 4. HP: 24/26 MP: 1/7
  2546 | D:3      | Gained mutation: You have an increased reservoir of magic.
                  | (+10% MP) [potion of mutation]
  2546 | D:3      | Gained mutation: Armour fits poorly on your strangely
                  | shaped body. [potion of mutation]
  2546 | D:3      | Lost mutation: Armour fits poorly on your strangely shaped
                  | body. [potion of mutation]
  2803 | D:3      | Identified the +0 robe of the Forest {Dex+2}
  2989 | D:3      | HP: 1/26 [orc priest/+0 mace (3)]
  2998 | D:3      | Killed from afar by an orc priest

Illustrated notes

Levels and vault maps discovered:
D:1:      scummos_arrival_gate, layout_loops_ring
D:2:      layout_loops_ring
D:3:      layout_basic, trog_book, basic_ecumenical_altar

Skill      XL: |  1  2  3  4 |
---------------+-------------+-----
Fighting       | 1 2 |  2.1
Air Magic      | 3 |  3.6
Dodging        | |  1.5
Stealth        | |  2.1
Spellcasting   | |  2.8
Conjurations   | |  1.1

Action                     |  1- 3 |  4- 6 || total
---------------------------+-------+-------++-------
  Melee: Unarmed           |    73 |    31 ||   104
   Cast: Shock             |    78 |    62 ||   140
    Use: Potion            |     1 |     5 ||     6
 Armour: Robe              |    36 |     7 ||    43
         Skin              |       |     2 ||     2
  Dodge: Dodged            |    62 |    20 ||    82

Table legend: (Time is in decaauts)
 A = Elapsed time spent in this place.
 B = Non-inter-level travel time spent in this place.
 C = Inter-level travel time spent in this place.
 D = Time resting spent in this place.
 E = Time spent auto-exploring this place.
 F = Levels seen in this place.
 G = Mean time per level.
                   A        B        C        D        E       F      G
               +--------+--------+--------+--------+--------+-----+--------+
         Total |   2975 |   2873 |    102 |    216 |   2225 |   3 |  991.7 |
       Dungeon |   2975 |   2873 |    102 |    216 |   2225 |   3 |  991.7 |
               +--------+--------+--------+--------+--------+-----+--------+

Top non-repeatable levels by time:
     D:1: 1391 daAuts
     D:2: 1113 daAuts
     D:3: 470 daAuts
